 Dungeon Crawl Stone Soup version 0.31.0-12-g77e489cdc1 (webtiles) character file.

Game seed: 11641187357298643602

576511 James the Archmage (level 25, -21/153 HPs)
             Began as a Deep Elf Earth Elementalist on Feb 11, 2024.
             Was the Champion of Vehumet.
             Killed from afar by a red draconian scorcher (42 damage)
             ... with damnation
             ... on level 3 of the Realm of Zot on Feb 13, 2024.
             The game lasted 08:03:00 (106124 turns).

James the Archmage (Deep Elf Earth Elementalist)  Turns: 106124, Time: 08:03:00

Health: -21/153    AC: 24    Str: 17    XL:     25   Next: 80%
Magic:  39/56      EV: 26    Int: 32    God:    Vehumet [******]
Gold:   6528       SH: 24    Dex: 29    Spells: 7/78 levels left

rFire   + + +        b - staff "Giant's Funeral" {rElec rPois Conj}
rCold   + . .        T - +2 kite shield {rC+ rF+}
rNeg    + . .        x - quicksilver dragon scales
rPois   +            G - +2 helmet {Int+3}
rElec   +            B - +1 cloak of the Armoured One {rF+ Dex+6}
rCorr   +            m - +1 pair of gloves
SInv    .            O - +2 pair of boots {Stlth+}
Will    +++..        u - amulet of the Red Skies {Reflect ^Contam +Blink rN+ Str+4 SH+5}
Stlth   +++          e - ring of Joutesez {Fly Dex+8}
HPRegen 1.25/turn    X - ring "Zomof" {rF+ rCorr Str+4}
MPRegen 0.35/turn

%: reflection
@: flying, studying Hexes
A: regeneration 1
}: 3/15 runes: serpentine, barnacled, slimy
a: Renounce Religion, Evoke Blink


You were on level 3 of the Realm of Zot.
You worshipped Vehumet.
Vehumet was exalted by your worship.
You visited 12 branches of the dungeon, and saw 54 of its levels.
You visited the Abyss 1 time.
You also visited: Sewer, Bailey, Gauntlet and Ice Cave.

You collected 9660 gold pieces.
You spent 3132 gold pieces at shops.

Inventory:

Hand Weapons
 c - the +10 long sword of the Ship {speed, rF+ Dex+4}
   (You took it off a deep elf sorcerer on level 3 of the Elven Halls)

   Dex+4:     It affects your dexterity (+4).
   rF+:       It protects you from fire.
 w - the +6 trident of Crystal {flame, rPois rN+++ Stlth+}
   (You found it on level 2 of the Elven Halls)

   rPois:     It protects you from poison rN+++: It renders you almost immune to
   negative energy.
   Stlth+:    It makes you more stealthy.
 D - a +0 demon trident of flaming
   (You took it off a merfolk impaler on level 4 of the Shoals)
 W - a +3 rapier of electrocution
   (You took it off a merfolk aquamancer on level 4 of the Shoals)
Missiles
 f - 12 throwing nets (quivered) {!f}
 j - 16 javelins
 k - 40 atropa-tipped darts
 t - 7 curare-tipped darts {!f}
 y - 47 boomerangs
Armour
 a - +0 shadow dragon scales
   (You found it on level 4 of the Depths)
 m - a +1 pair of gloves (worn)
   (You found it on level 1 of the Dungeon)
 x - quicksilver dragon scales (worn)
   (You found it on level 4 of the Snake Pit)
 B - the +1 cloak of the Armoured One (worn) {rF+ Dex+6}
   (You found it in a Gauntlet)

   Dex+6:     It affects your dexterity (+6).
   rF+:       It protects you from fire.
 G - a +2 helmet of intelligence (worn)
   (You bought it in a shop on level 8 of the Dungeon)
 O - a +2 pair of boots of stealth (worn)
   (You found it in a bailey)
 T - a +2 kite shield of resistance (worn)
   (You took it off a naga warrior on level 4 of the Snake Pit)
 V - the +0 faerie dragon scales {Will+ rCorr Slay+3 Stlth+}
   (You took it off the Enchantress on level 4 of the Depths)

   Slay+3:    It affects your accuracy & damage with ranged weapons and melee
   (+3).
   Will+:     It increases your willpower.
   rCorr:     It protects you from acid and corrosion.
   Stlth+:    It makes you more stealthy.
 Z - a +0 cloak of stealth
   (You took it off a draconian scorcher on level 3 of the Realm of Zot)
Magical Staves
 b - the staff "Giant's Funeral" (weapon) {rElec rPois Conj}
   (You found it on level 15 of the Dungeon)

   [staff of conjuration]

   Base accuracy: +5 Base damage: 5 Base attack delay: 1.2 This weapon's minimum
   attack delay (0.6) is reached at skill level 12.
   rElec:     It insulates you from electricity.
   rPois:     It protects you from poison Conj: It increases the power of your
   Conjurations spells.
   It falls into the 'Staves' category.
   It is a one-handed weapon.
 z - the staff of Mourning {rN+ Str+6 Hexes Necro}
   (You found it on level 3 of the Elven Halls)

   [staff of death]

   Base accuracy: +5 Base damage: 5 Base attack delay: 1.2 This weapon's minimum
   attack delay (0.6) is reached at skill level 12.
   Str+6:     It affects your strength (+6).
   rN+:       It protects you from negative energy.
   Hexes:     It increases the power of your Hexes spells.
   Necro:     It increases the power of your Necromancy spells.
   It falls into the 'Staves' category.
   It is a one-handed weapon.
Jewellery
 e - the ring of Joutesez (left hand) {Fly Dex+8}
   (You found it on level 5 of the Pits of Slime)

   [ring of flight]

   Dex+8:     It affects your dexterity (+8).
   Fly:       It grants you flight.
 g - a +4 ring of protection
   (You found it on level 1 of the Dungeon)
 l - a ring of wizardry
   (You found it on level 5 of the Pits of Slime)
 o - a ring of protection from cold
   (You found it on level 4 of the Shoals)
 u - the amulet of the Red Skies (around neck) {Reflect ^Contam +Blink rN+ Str+4 SH+5}
   (You acquired it on level 3 of the Vaults)

   [amulet of reflection]

   Reflect:   It reflects blocked missile attacks.
   Str+4:     It affects your strength (+4).
   rN+:       It protects you from negative energy.
   +Blink:    It lets you blink.
   ^Contam:   It causes magical contamination when unequipped.
   SH+5:      It affects your SH (+5).
 M - a +5 ring of evasion
   (You found it on level 2 of the Snake Pit)
 X - the ring "Zomof" (right hand) {rF+ rCorr Str+4}
   (You took it off a naga on level 3 of the Snake Pit)

   [ring of protection from fire]

   Str+4:     It affects your strength (+4).
   rF+:       It protects you from fire.
   rCorr:     It protects you from acid and corrosion.
Wands
 d - a wand of iceblast (58)
   (You found it on level 11 of the Dungeon)
 v - a wand of digging (26)
   (You found it on level 6 of the Dungeon)
 C - a wand of polymorph (27)
   (You took it off Grum in a bailey)
 K - a wand of quicksilver (53)
   (You found it on level 10 of the Dungeon)
 Y - a wand of charming (87)
   (You found it on level 8 of the Dungeon)
Scrolls
 n - 9 scrolls of fog
 r - 23 scrolls of teleportation {@r4}
 s - 4 scrolls of brand weapon
 A - 4 scrolls of immolation {!r}
 E - 4 scrolls of enchant weapon
 F - 8 scrolls of blinking
 N - 7 scrolls of fear
 R - 2 scrolls of butterflies
Potions
 h - 5 potions of magic
 i - 10 potions of mutation {!q}
 p - 13 potions of enlightenment
 q - 6 potions of cancellation
 H - 13 potions of brilliance
 I - 5 potions of heal wounds {@q2}
 J - 13 potions of might
 P - 5 potions of haste {@q3}
 Q - 2 potions of resistance
 S - 17 potions of curing {@q1}
 U - 2 potions of ambrosia
Miscellaneous
 L - a phantom mirror (inert)
   (You found it on level 1 of the Snake Pit)


   Skills:
 - Level 14.4 Fighting
 - Level 12.0 Staves
 - Level 9.7 Armour
 - Level 16.7 Dodging
 - Level 3.0 Stealth
 - Level 16.0 Shields
 O Level 27 Spellcasting
 - Level 20.4 Conjurations
 - Level 12.0 Hexes
 - Level 10.0 Summonings
 - Level 6.0 Necromancy
 - Level 18.0 Fire Magic
 - Level 20.4 Earth Magic
 - Level 3.0 Alchemy
 + Level 8.0 Evocations


You had 7 spell levels left.
You knew the following spells:

 Your Spells              Type           Power      Damage    Failure   Level
a - Spellforged Servitor  Conj/Summ      59%        N/A       1%          7
b - Lehudib's Crystal Sp  Conj/Erth      65%        10d15     1%          8
c - Lee's Rapid Deconstr  Erth           54%        3d25*     0%          5
d - Bombard               Conj/Erth      65%        9d11      1%          6
e - Ignition              Fire           51%        3d14      1%          8
f - Leda's Liquefaction   Alch/Erth      43%        N/A       1%          4
g - Mephitic Cloud        Conj/Alch/Air  96%        N/A       1%          3
h - Borgnjor's Vile Clut  Necr/Erth      45%        N/A       1%          5
i - Iskenderun's Battles  Conj           100%       2d15      0%          5
j - Apportation           Tloc           86%        N/A       1%          1
k - Yara's Violent Unrav  Hex/Alch       37%        3d15      1%          5
q - Passwall              Erth           100%       N/A       0%          3
s - Swiftness             Air            43%        N/A       4%          3
w - Summon Mana Viper     Hex/Summ       85%        N/A       1%          5
x - Stone Arrow           Conj/Erth      100%       3d13      0%          3

Your spell library contained the following spells:

 Spells                   Type           Power      Damage    Failure   Level
 Chain Lightning          Conj/Air       52%        3d69      99%         9
 Sandblast                Erth           100%       2d20      0%          1
 Shock                    Conj/Air       100%       1d9       0%          1
 Sting                    Conj/Alch      100%       1d9       0%          1
 Scorch                   Fire           100%       2d9       0%          2
 Dazzling Flash           Conj/Hex       100%       N/A       0%          3
 Brom's Barrelling Bould  Conj/Erth      100%       2d11      0%          4
 Flame Wave               Conj/Fire      100%       2d21      0%          4
 Fireball                 Conj/Fire      64%        3d24      0%          5
 Necrotise                Necr           100%       1d9       1%          1
 Summon Small Mammal      Summ           100%       N/A       1%          1
 Call Imp                 Summ           100%       N/A       1%          2
 Cigotuvi's Dreadful Rot  Necr/Alch/Air  100%       N/A       1%          2
 Ensorcelled Hibernation  Hex/Ice        100%       N/A       1%          2
 Mercury Vapours          Alch/Air       100%       N/A       1%          2
 Momentum Strike          Conj/Tloc      100%       3d10      1%          2
 Sublimation of Blood     Necr           69%        N/A       1%          2
 Call Canine Familiar     Summ           82%        N/A       1%          3
 Frozen Ramparts          Ice            86%        1d13      1%          3
 Hailstorm                Conj/Ice       100%       3d16      1%          3
 Sigil of Binding         Hex            88%        N/A       1%          3
 Summon Ice Beast         Ice/Summ       66%        N/A       1%          3
 Tukima's Dance           Hex            88%        N/A       1%          3
 Vampiric Draining        Necr           69%        2d10      1%          3
 Volatile Blastmotes      Fire/Tloc      100%       2d18      1%          3
 Anguish                  Hex/Necr       39%        N/A       1%          4
 Animate Dead             Necr           69%        N/A       1%          4
 Cause Fear               Hex            44%        N/A       1%          4
 Dimensional Bullseye     Hex/Tloc       34%        N/A       1%          4
 Dispel Undead            Necr           69%        3d23      1%          4
 Fulminant Prism          Conj/Alch      54%        3d23      1%          4
 Ignite Poison            Fire/Alch      84%        N/A       1%          4
 Iskenderun's Mystic Bla  Conj/Tloc      100%       2d19      1%          4
 Martyr's Knell           Necr/Summ      76%        N/A       1%          4
 Olgreb's Toxic Radiance  Alch           58%        N/A       1%          4
 Petrify                  Alch/Erth      87%        N/A       1%          4
 Sticky Flame             Fire/Alch      84%        2d13      1%          4
 Summon Blazeheart Golem  Fire/Summ      93%        N/A       1%          4
 Freezing Cloud           Conj/Ice/Air   46%        6-21      1%          5
 Starburst                Conj/Fire      64%        6d17      1%          6
 Curse of Agony           Necr           69%        N/A       3%          5
 Metabolic Englaciation   Hex/Ice        34%        N/A       3%          5
 Silence                  Hex/Air        34%        N/A       3%          5
 Summon Cactus Giant      Summ           41%        N/A       3%          6
 Gell's Gravitas          Tloc           43%        N/A       4%          3
 Ozocubu's Armour         Ice            43%        N/A       4%          3
 Teleport Other           Tloc           43%        N/A       4%          3
 Airstrike                Air            21%        2d(4-20)  4%          4
 Passage of Golubria      Tloc           43%        N/A       14%         4
 Death Channel            Necr           34%        N/A       19%         6
 Summon Hydra             Summ           41%        N/A       19%         7
 Haunt                    Necr/Summ      38%        N/A       41%         7
 Sculpt Simulacrum        Ice/Alch       25%        N/A       75%         6
 Malign Gateway           Summ/Tloc      33%        N/A       83%         7
 Dispersal                Tloc           21%        N/A       91%         6
 Ozocubu's Refrigeration  Ice            21%        4d12      94%         7
 Discord                  Hex            44%        N/A       54%         8
 Summon Horrible Things   Summ           41%        N/A       83%         8
 Borgnjor's Revivificati  Necr           34%        N/A       100%        8
 Maxwell's Capacitive Co  Air            21%        ∞         100%        8
 Death's Door             Necr           34%        N/A       100%        9
 Dragon's Call            Summ           41%        N/A       100%        9
 Polar Vortex             Ice            21%        12d2*     100%        9


Dungeon Overview and Level Annotations

Branches:
Dungeon (15/15)            Temple (1/1) D:5            Lair (5/5) D:8
 Shoals (4/4) Lair:2        Snake (4/4) Lair:3        Slime (5/5) Lair:4
    Orc (2/2) D:12            Elf (3/3) Orc:2        Vaults (4/5) D:14
  Crypt (3/3) Vaults:3       Tomb (0/3) Crypt:3      Depths (4/4) D:15
    Zot (4/5) Depths:4      Sewer (visited)          Bailey (visited)
  IceCv (visited)         Gauntlet (visited)

Altars:
Ashenzari
Cheibriados
Dithmenos
Elyvilon
Fedhas
Gozag
Hepliaklqana
Kikubaaqudgha
Makhleb
Nemelex Xobeh
Okawaru
Qazlal
Ru
Sif Muna
Trog
Uskayaw
Vehumet
Wu Jian
Xom
Yredelemnul
Zin
The Shining One
Lugonu

Shops:
D:8 [   D:9 !   D:10 :   D:15 (   Orc:2 *!(=   Elf:1 :   Elf:2 :   Elf:3 *
Shoals:1 ?   Shoals:2 *   Shoals:4 [   Snake:2 :=:   Vaults:2 (   Vaults:3 *
Zot:2 **   Zot:3 *   Depths:3 *

Portals:
Hell: Depths:1 Depths:2 Depths:3 Depths:4
Abyss: Depths:1 Depths:3 Depths:4
Pandemonium: Depths:2
Ziggurat: Depths:2

Annotations:
Temple 2 transporters
Lair:5 1 runed translucent door, mihai's ghost, journeyman DjFE
Slime:5 exclusions: shining eye and upstairs
Elf:1 topfpfpflanze's ghost, adept FeNe
Elf:2 3 runed translucent doors, exclusion: 3 doors
Vaults:3 2 transporters
Depths:4 1 runed translucent door, exclusion: door, Ulukhit's ghost, adept TrMo
Zot:2 3 runed translucent doors, exclusions: 3 doors and obsidian statue, Pongem's ghost, legendary MiAK


Innate Abilities, Weirdness & Mutations

Your natural rate of healing is unusually fast.


Message History

The fireball engulfs the red draconian!
The red draconian resists.
The fireball engulfs the purple draconian!! x2
You kill the purple draconian!
Vehumet accepts your kill.
You feel your power returning.
The fireball engulfs the red draconian!
The red draconian resists.
The fireball engulfs the red draconian!
The red draconian resists.
The fireball engulfs the purple draconian shifter!
The fireball engulfs the tentacled monstrosity!
The tentacled monstrosity resists.
The fireball engulfs the red draconian scorcher but does no damage.
You feel very sick.
Press: ? - help, Dir - look around, f - activate The air bursts into flame!
The fireball engulfs the tentacled monstrosity.
The tentacled monstrosity resists.
The fireball engulfs the red draconian scorcher.
The red draconian scorcher resists.
The fireball engulfs the purple draconian shifter!!
You kill the purple draconian shifter!
Vehumet accepts your kill.
You feel your power returning.
The fireball engulfs the red draconian.
The red draconian resists.
The fireball engulfs the red draconian scorcher!
The red draconian scorcher resists.
The fireball engulfs the tentacled monstrosity!
The tentacled monstrosity resists.
The fireball engulfs the red draconian!
The red draconian resists.
You kill the red draconian!
Vehumet accepts your kill.
You feel your power returning.
You feel very sick.
The red draconian scorcher gestures at you while chanting.
The bolt of magma hits you! You partially resist.
* * * LOW HITPOINT WARNING * * *
Your Evocations skill increases to level 8!
You feel very sick.
The red draconian scorcher points at you and mumbles some strange words.
The sphere of damnation explodes!
The damnation engulfs you!!
* * * LOW HITPOINT WARNING * * *
You feel much better.
You feel sick.
The red draconian scorcher breathes fire at you.
The searing blast hits you. You resist.
* * * LOW HITPOINT WARNING * * *
You feel better.
You are engulfed in blazing flames.
You resist.
* * * LOW HITPOINT WARNING * * *
You feel ready to blink again.
The red draconian scorcher casts a spell at you.
The sphere of damnation explodes!
The damnation engulfs you!!!
You die...

####.............................
.................................
..............................###
###....#.....##########).###....#
####.#####.# #...#<.# #....#
######.#####.######...#..###....#
.........).......................
........)))q.....................
###....##>.[.X).@................
###....#####.##########..........
...###.# #.# #...##.....
...###.#####.##########.......##.
..............................###
................................#
.......#####......[.............#
...###......#######.......##....#
...# #......# #............##


You could see a tentacled monstrosity and a red draconian scorcher (catching
breath).

Vanquished Creatures
  Dissolution (Slime:5)
  the Royal Jelly (Slime:5)
  A dread lich (Crypt:3)
  2 ancient liches
  2 orbs of fire (Zot:2)
  3 juggernauts
  Vv (Zot:1)
  Josephina (Zot:1)
  Margery (Depths:4)
  Vashnia (Snake:3)
  A curse toe (Zot:2)
  8 golden dragons
  Jory (Vaults:2)
  the Enchantress (Depths:4)
  A bone dragon (Abyss:2)
  A hellephant (Depths:4)
  An electric golem (Depths:4)
  4 tentacled monstrosities
  Jorgrun (Shoals:3)
  7 liches
  A walking earthen tome (Depths:4)
  Rupert (Lair:3)
  4 deep elf master archers (Elf:3)
  4 deep elf blademasters
  9 death cobs
  A tentacled starspawn (Elf:3)
  2 quicksilver dragons
  27 acid blobs
  2 krakens
  7 sphinxes
  3 ancient champions
  The ghost of Seits the Bludgeoner, an adept MiFi of the Shining One (Snake:1)
  Ilsuiw (Shoals:3)
  11 fire giants
  Donald (Orc:2)
  7 shadow dragons
  4 storm dragons
  6 draconian knights
  Aizul (Shoals:1)
  9 azure jellies
  4 draconian monks
  8 rockslimes
  3 nagarajas (Snake:4)
  3 protean progenitors (Zot:2)
  9 frost giants
  4 revenants
  7 deep elf sorcerers
  6 iron dragons (Depths:2)
  5 draconian shifters
  6 deep elf elementalists (Elf:3)
  9 draconian scorchers
  A ghost moth (Zot:3)
  7 vault wardens
  4 curse skulls
  3 draconian annihilators
  2 orc warlords
  10 very ugly things
  A reaper (Crypt:2)
  A juggernaut zombie (Crypt:2)
  4 draconian stormcallers
  Nessos (Orc:2)
  9 formless jellyfish
  12 ironbound thunderhulks
  3 spriggan defenders
  13 vampire knights
  7 quicksilver oozes
  16 ironbound preservers
  2 deep elf demonologists (Elf:3)
  9 stone giants
  8 black draconians
  A minotaur (Gauntlet)
  6 deep elf annihilators
  6 spark wasps
  7 war gargoyles
  8 purple draconians
  16 dire elephants
  4 green draconians
  10 white draconians
  21 yellow draconians
  7 deep elf death magi
  6 red draconians
  9 jiangshi
  3 eidola
  A blizzard demon (Gauntlet)
  5 merfolk javelineers
  7 ettins
  4 merfolk impalers
  6 fire dragons
  4 deep elf high priests
  3 entropy weavers
  A crystal guardian (Vaults:1)
  7 yaktaur captains
  5 rakshasas
  11 great orbs of eyes
  4 hydras
  A spriggan zombie (Depths:2)
  A caustic shrike simulacrum (IceCv)
  3 ghost crabs (Crypt:3)
  A fenstrider witch zombie (Crypt:3)
  9 ice dragons
  5 salamander tyrants
  7 spriggan air magi
  3 peacekeepers
  A death knight (Crypt:2)
  3 vault guards
  2 alligator snapping turtles
  3 catoblepae
  3 merfolk avatars
  9 centaur warriors
  8 ironbound frosthearts
  A juggernaut simulacrum (Depths:2)
  2 ogre magi
  7 two-headed ogres
  11 anacondas
  13 dancing weapons
  2 boulder beetles (D:11)
  2 satyrs
  6 merfolk aquamancers
  4 deep troll shamans
  9 deep troll earth magi
  6 tengu warriors
  A death scarab (Gauntlet)
  10 naga sharpshooters
  6 vampire magi
  9 naga warriors
  4 spriggan berserkers
  2 shock serpents (shapeshifter)
  2 thrashing horrors (Abyss:2)
  20 hell knights
  6 shock serpents
  2 titan skeletons
  Sonja (Orc:1)
  21 deep elf knights
  5 skysharks
  7 skeletal warriors
  2 shadow wraiths (Crypt:2)
  6 iron trolls
  2 wretched stars (Abyss:2)
  A storm dragon skeleton (Crypt:2)
  2 goliath frogs (Zot:2)
  Lodul (D:10)
  5 arcanists
  65 deep trolls
  2 salamander mystics
  A tengu zombie (Depths:2)
  16 sea snakes
  6 deep elf archers
  6 glowing orange brains
  4 flayed ghosts
  A shadow dragon zombie (Crypt:3)
  A deep troll (shapeshifter) (Depths:4)
  2 orange crystal statues (IceCv)
  10 orc knights
  17 mana vipers
  6 naga ritualists
  10 lindwurms
  31 deep elf zephyrmancers
  2 large abominations (Abyss:2)
  A harpy (shapeshifter) (D:15)
  12 phantasmal warriors
  2 necromancers
  A starcursed mass (Abyss:2)
  22 deep elf pyromancers
  6 harpies
  20 ironbound convokers
  A shadow dragon skeleton (Crypt:3)
  A stone giant zombie (Crypt:3)
  4 orc sorcerers
  9 salamanders
  14 manticores
  8 fauns
  2 shining eyes
  A goliath frog skeleton (Crypt:1)
  A wolf spider (D:15)
  32 ugly things
  3 oklob plants (Zot:2)
  10 cyclopes
  An iron dragon skeleton (Depths:2)
  6 rust devils
  16 moths of wrath
  A formless jellyfish zombie (Crypt:2)
  An alligator snapping turtle zombie (Crypt:1)
  14 elephants
  9 meliai (D:15)
  An elephant (shapeshifter) (Elf:1)
  5 kobold blastminers
  11 guardian serpents
  10 vault sentinels
  A water nymph (shapeshifter) (Vaults:4)
  31 black mambas
  8 merfolk sirens
  A smoke demon (Abyss:2)
  5 water nymphs
  3 eyes of devastation (Slime:4)
  13 naga magi
  8 gargoyles
  16 cane toads
  2 molten gargoyles (Lair:4)
  11 unseen horrors
  A grey draconian zombie (Crypt:2)
  A swamp worm zombie (Crypt:1)
  2 rime drakes
  11 komodo dragons
  4 kobold demonologists (D:11)
  12 yaktaurs
  6 freezing wraiths
  4 golden dragon simulacra (IceCv)
  A death yak zombie (Crypt:2)
  An ice devil (Gauntlet)
  2 ancient zymes (Abyss:2)
  3 anaconda simulacra (IceCv)
  2 tengu conjurers
  A queen bee (shapeshifter) (D:11)
  24 merfolk
  A sea snake skeleton (Crypt:2)
  4 trolls
  2 polar bears
  5 wind drakes
  2 tyrant leeches (Lair:5)
  2 hornets
  2 alligator simulacra (IceCv)
  13 blink frogs
  A harpy skeleton (Crypt:2)
  6 glass eyes
  5 snapping turtles
  20 dream sheep
  A spectral black mamba (Gauntlet)
  81 slime creatures
  7 shadows
  4 air elementals (Elf:1)
  5 wyverns
  A satyr skeleton (Crypt:2)
  4 spriggans
  The ghost of drgodel the Ruffian, an amateur OnSh (D:3)
  66 yaks
  8 vampires
  A dire elephant simulacrum (IceCv)
  18 water elementals
  13 wraiths
  2 ynoxinuls
  2 ettin skeletons (Crypt:3)
  5 golden eyes (Slime:3)
  4 fire dragon skeletons (Crypt:3)
  5 basilisks
  5 redbacks
  A warg (shapeshifter) (Depths:4)
  A warg (Orc:1)
  A fire elemental (Elf:2)
  9 vampire mosquitoes
  Grum (Bailey)
  A neqoxec (Abyss:2)
  30 nagas
  A white draconian simulacrum (Zot:1)
  A chaos spawn (Abyss:2)
  A steam dragon (Lair:3)
  2 harpy simulacra (IceCv)
  5 acid dragons
  A hydra simulacrum (Crypt:2)
  12 water moccasins
  2 naga skeletons (Crypt:3)
  Duvessa (D:6)
  5 hell hounds
  3 moth of wrath simulacra (Zot:1)
  3 sky beasts
  An ice beast (D:6)
  2 black bears
  35 orc warriors
  A black bear (shapeshifter) (D:11)
  21 laughing skulls
  3 ettin simulacra (IceCv)
  2 boggarts
  12 ogres
  A hog zombie (Crypt:1)
  11 wolves
  25 centaurs
  A weeping skull (Abyss:2)
  A hog skeleton (Crypt:2)
  2 brain worms (Sewer)
  A wyvern zombie (D:9)
  15 bullfrogs
  5 scorpions
  10 gnoll sergeants
  3 earth elementals
  7 wights
  Dowan (D:6)
  5 killer bees
  A lindwurm simulacrum (IceCv)
  6 electric eels
  A howler monkey (D:11)
  A bombardier beetle (D:5)
  5 lava snakes (Lair:4)
  6 hounds
  3 centaur zombies
  Crazy Yiuf (D:7)
  16 orc priests
  6 gnoll boudas
  23 jellies
  2 iron imps (Gauntlet)
  5 iguanas
  17 orc wizards
  A deep dwarf zombie (Crypt:2)
  2 howler monkey zombies (D:9)
  38 gnolls
  9 adders
  2 river rats (Sewer)
  2 shadow imps
  A steam dragon skeleton (Crypt:2)
  3 white imps
  4 ufetubi
  A dart slug (D:3)
  3 ribbon worms
  75 orcs
  6 ball pythons
  11 bats
  A bat skeleton (Crypt:1)
  3 endoplasms
  8 giant cockroaches
  8 goblins
  6 hobgoblins
  A jackal (Sewer)
  6 kobolds
  2 quokkas
  2 frilled lizards
  4 rats
  2 aspiring fleshes (Zot:2)
  2 starspawn tentacles
  A tentacle (Shoals:1)
2136 creatures vanquished.

Vanquished Creatures (collateral kills)
  A fire giant (Depths:2)
  A deep elf sorcerer (Vaults:3)
  An ironbound preserver (Vaults:4)
  A vault warden (Vaults:3)
  An ironbound thunderhulk (Vaults:4)
  An orc warlord (Vaults:1)
  3 stone giants (Depths:1)
  3 very ugly things
  An eidolon (Vaults:3)
  A yaktaur captain (Vaults:3)
  A merfolk aquamancer (Shoals:4)
  An ironbound frostheart (Vaults:1)
  A naga warrior (Snake:4)
  4 satyrs (Shoals:4)
  5 deep troll earth magi (Depths:1)
  A thrashing horror (Abyss:2)
  A dancing weapon (Elf:1)
  4 naga sharpshooters (Snake:3)
  14 deep trolls
  2 deep elf archers (Elf:1)
  2 deep elf pyromancers (Elf:1)
  4 orc knights
  An ironbound convoker (Vaults:3)
  A deep elf zephyrmancer (Elf:1)
  A manticore (Shoals:4)
  3 ugly things
  4 fauns (Shoals:4)
  A guardian serpent (Snake:4)
  A hellwing (Abyss:2)
  2 merfolk (Shoals:4)
  A snapping turtle (Shoals:4)
  A water elemental (Elf:1)
  2 starcursed masses (Abyss:2)
  A naga (Snake:4)
  A weeping skull (Abyss:2)
  2 ufetubi (Abyss:2)
  A jackal zombie (Crypt:1)
77 creatures vanquished.

Vanquished Creatures (others)
  A storm dragon (Zot:4)
  A draconian knight (Depths:4)
  A deep elf pyromancer (Elf:1)
  A faun (Shoals:4)
  A moth of wrath simulacrum (Zot:1)
  An orc (Orc:2)
  A boulder (D:9)
  6 starspawn tentacles (Elf:3)
  3 tentacles (Shoals:1)
16 creatures vanquished.

Grand Total: 2229 creatures vanquished

Notes
Turn   | Place    | Note
-------+----------+-------------------------------------------
     0 | D:1      | James the Deep Elf Earth Elementalist began the quest for
                  | the Orb.
     0 | D:1      | Reached XP level 1. HP: 10/10 MP: 6/6
   183 | D:1      | Reached XP level 2. HP: 16/16 MP: 4/8
   948 | D:2      | Reached XP level 3. HP: 20/20 MP: 7/10
   952 | D:2      | Learned a level 3 spell: Stone Arrow
  1092 | D:2      | Reached skill level 1 in Fighting
  1312 | D:2      | Found a faded altar of an unknown god.
  2052 | D:3      | Reached XP level 4. HP: 25/25 MP: 9/11
  2440 | D:3      | Noticed drgodel's ghost (amateur OnSh)
  2440 | D:3      | Noticed an ogre
  2441 | D:3      | Found a transporter.
  2441 | D:3      | Identified the +4 great mace of the Cursing Shrike {freeze,
                  | rPois Dex+3 Stlth-}
  2441 | D:3      | Noticed an ogre
  2441 | D:3      | Noticed an ogre
  2443 | D:3      | Found a transporter.
  2847 | D:4      | Reached skill level 4 in Spellcasting
  3307 | D:4      | Noticed a scorpion
  3309 | D:4      | Reached XP level 5. HP: 29/29 MP: 9/13
  3310 | D:4      | Reached skill level 5 in Earth Magic
  3733 | D:4      | Learned a level 3 spell: Passwall
  3740 | D:5      | Entered Level 5 of the Dungeon
  3920 | D:5      | Found a staircase to the Ecumenical Temple.
  3925 | D:5      | Reached skill level 5 in Spellcasting
  3925 | D:5      | Reached XP level 6. HP: 35/35 MP: 13/15
  3933 | Temple   | Found a transporter.
  3933 | Temple   | Found a transporter.
  3933 | Temple   | Found a transporter.
  3933 | Temple   | Found a transporter.
  3933 | Temple   | Entered the Ecumenical Temple
  3949 | Temple   | Became a worshipper of Vehumet
  4125 | D:5      | Found a glowing drain.
  4138 | Sewer    | Entered a sewer
  4467 | Sewer    | Reached XP level 7. HP: 39/40 MP: 14/17
  4681 | Sewer    | Reached skill level 6 in Spellcasting
  4872 | D:5      | Reached skill level 8 in Spellcasting
  4872 | D:5      | Reached XP level 8. HP: 48/48 MP: 18/22
  4938 | D:5      | Reached skill level 9 in Spellcasting
  5103 | D:5      | Learned a level 4 spell: Brom's Barrelling Boulder
  5614 | D:6      | Noticed Duvessa
  5625 | D:6      | Killed Duvessa
  5733 | D:6      | Noticed Dowan
  5741 | D:6      | Killed Dowan
  5892 | D:6      | Reached * piety under Vehumet
  5892 | D:6      | Offered knowledge of Magic Dart by Vehumet.
  6412 | D:6      | Reached skill level 5 in Fighting
  6473 | D:6      | Identified the ring of Wator {rElec rCorr}
  6993 | D:7      | Reached XP level 9. HP: 51/54 MP: 16/24
  6995 | D:7      | Reached skill level 10 in Spellcasting
  7474 | D:7      | Offered knowledge of Foxfire by Vehumet.
  7504 | D:7      | Reached ** piety under Vehumet
  7736 | D:7      | Found a stormy altar of Qazlal.
  7821 | D:7      | Found a runed translucent door.
  7822 | D:7      | Noticed Crazy Yiuf
  8298 | D:7      | Killed Crazy Yiuf
  8319 | D:7      | Reached XP level 10. HP: 59/59 MP: 26/26
  8358 | D:8      | Found Ysiufu Yng's Antique Armour Emporium.
  8460 | D:8      | Noticed a two-headed ogre
  8465 | D:8      | Killed a two-headed ogre
  8466 | D:8      | Reached skill level 11 in Spellcasting
  9118 | D:8      | Found a staircase to the Lair.
  9391 | D:8      | Offered knowledge of Static Discharge by Vehumet.
  9521 | D:8      | Reached XP level 11. HP: 53/63 MP: 10/28
  9896 | D:8      | Reached *** piety under Vehumet
 10053 | D:8      | Found Ysiufu Yng's Antique Armour Emporium.
 10392 | D:8      | Found a staircase to the Lair.
 10756 | D:9      | Found Latoovid's Distillery.
 10771 | D:9      | Found a shadowy altar of Dithmenos.
 11103 | D:9      | Found Hownycy's Specialty Armours.
 11103 | D:9      | Noticed a centaur warrior
 11206 | D:9      | Found a flagged portal.
 11226 | D:9      | Offered knowledge of Airstrike by Vehumet.
 11237 | Bailey   | Entered a bailey
 11531 | Bailey   | Reached skill level 10 in Shields
 11531 | Bailey   | Reached skill level 12 in Spellcasting
 11531 | Bailey   | Reached XP level 12. HP: 70/70 MP: 28/30
 12033 | Bailey   | Reached **** piety under Vehumet
 12104 | Bailey   | Reached skill level 1 in Armour
 12127 | Bailey   | Noticed Grum
 12134 | Bailey   | Killed Grum
 12182 | Bailey   | Offered knowledge of Lee's Rapid Deconstruction by Vehumet.
 12231 | Bailey   | Learned a level 5 spell: Lee's Rapid Deconstruction
 12581 | D:9      | Found a broken altar of Ashenzari.
 12624 | D:9      | Killed a centaur warrior
 13056 | D:8      | Bought a glowing helmet for 180 gold pieces
 13207 | D:3      | Killed drgodel's ghost
 13549 | D:9      | Bought a potion of curing for 42 gold pieces
 13560 | D:10     | Entered Level 10 of the Dungeon
 13613 | D:10     | Found Ekku Liofeng's Self-Improvement Boutique.
 13813 | D:10     | Noticed Lodul
 13821 | D:10     | Killed Lodul
 14879 | D:10     | Found Ekku Liofeng's Self-Improvement Boutique.
 15176 | D:11     | Noticed a boulder beetle
 15191 | D:11     | Killed a boulder beetle
 15482 | D:11     | Identified the -1 pair of gloves of the Enchanted Forest
                  | {Slay+2}
 15955 | Lair:1   | Entered Level 1 of the Lair of Beasts
 15986 | Lair:1   | Reached skill level 13 in Spellcasting
 16229 | Lair:1   | Reached skill level 10 in Earth Magic
 16400 | Lair:1   | Reached XP level 13. HP: 74/74 MP: 24/32
 16503 | Lair:1   | Reached ***** piety under Vehumet
 16503 | Lair:1   | Offered knowledge of Bombard by Vehumet.
 16514 | Lair:1   | Learned a level 6 spell: Bombard
 17394 | Lair:2   | Found a staircase to the Shoals.
 18320 | Lair:3   | Found a staircase to the Snake Pit.
 18325 | Lair:3   | Reached skill level 14 in Spellcasting
 18721 | Lair:3   | Noticed Rupert
 19431 | Lair:3   | Killed Rupert
 20010 | Lair:4   | Reached skill level 15 in Spellcasting
 21054 | D:10     | Bought a manual of Shields for 960 gold pieces
 21915 | Lair:4   | Found a staircase to the Slime Pits.
 22163 | Lair:5   | Entered Level 5 of the Lair of Beasts
 22545 | Lair:4   | Reached XP level 14. HP: 80/80 MP: 24/35
 22593 | Lair:4   | Offered knowledge of Flame Wave by Vehumet.
 22599 | Lair:4   | Learned a level 4 spell: Flame Wave
 23737 | Lair:4   | HP: 3/80 [skyshark (5)]
 24804 | Lair:5   | Found a runed translucent door.
 24805 | Lair:5   | Found a shimmering altar of Xom.
 24805 | Lair:5   | Noticed mihai's ghost (journeyman DjFE)
 24806 | Lair:5   | Identified the +1 morningstar "Eseujo Cana" {chaos, rC++}
 24813 | Lair:5   | Reached skill level 15 in Shields
 26981 | D:11     | Reached skill level 16 in Spellcasting
 28983 | D:11     | Learned a level 4 spell: Leda's Liquefaction
 29612 | D:12     | Found a staircase to the Orcish Mines.
 29947 | Orc:1    | Entered Level 1 of the Orcish Mines
 29947 | Orc:1    | Noticed Sonja
 29948 | Orc:1    | Killed Sonja
 29949 | Orc:1    | Reached skill level 1 in Fire Magic
 29987 | Orc:1    | Reached skill level 1 in Alchemy
 30270 | Orc:1    | Reached XP level 15. HP: 66/84 MP: 21/37
 30900 | Orc:2    | Entered Level 2 of the Orcish Mines
 30907 | Orc:2    | Noticed Donald
 31285 | Orc:2    | Reached ****** piety under Vehumet
 31682 | Orc:2    | Offered knowledge of Conjure Ball Lightning by Vehumet.
 31683 | Orc:2    | Noticed Nessos
 31733 | Orc:2    | Killed Nessos
 31879 | Orc:2    | Found a staircase to the Elven Halls.
 31975 | Orc:2    | Killed Donald
 32782 | Orc:2    | Found Fiworuc's Antique Weapon Boutique.
 32782 | Orc:2    | Found Qeumouk's Distillery.
 32784 | Orc:2    | Found Demp's General Store.
 32786 | Orc:2    | Found Zeoxtel's Jewellery Shop.
 32932 | Orc:2    | Found a bloodstained altar of Trog.
 33189 | D:10     | Bought a manual of Conjurations for 960 gold pieces
 33508 | D:13     | Reached skill level 17 in Spellcasting
 33846 | D:13     | Reached skill level 10 in Conjurations
 35250 | D:14     | Found a gate leading to a gauntlet.
 35267 | Gauntlet | Entered a Gauntlet
 35267 | Gauntlet | Found a transporter.
 35267 | Gauntlet | Found a transporter.
 35267 | Gauntlet | Found a transporter.
 35339 | Gauntlet | Found a transporter.
 35342 | Gauntlet | Found a transporter.
 35350 | Gauntlet | Found a transporter.
 35354 | Gauntlet | Found a transporter.
 35364 | Gauntlet | Found a transporter.
 35379 | Gauntlet | Found a transporter.
 35396 | Gauntlet | Found a transporter.
 35399 | Gauntlet | Found a transporter.
 35409 | Gauntlet | Found a transporter.
 35594 | Gauntlet | Identified the amulet "Luesuole" {RegenMP rElec}
 35671 | Gauntlet | Identified the +1 cloak of the Armoured One {rF+ Dex+6}
 35727 | Gauntlet | Learned a level 3 spell: Mephitic Cloud
 35773 | Gauntlet | Identified the +2 leather armour of the Boiling Point {+Inv
                  | rF+ rN+ Str-4}
 36195 | D:14     | Offered knowledge of Plasma Beam by Vehumet.
 36197 | D:14     | Reached skill level 15 in Conjurations
 36624 | D:14     | Found a gate to the Vaults.
 36856 | D:12     | Found an iron altar of Okawaru.
 36986 | D:15     | Entered Level 15 of the Dungeon
 37282 | D:15     | Reached skill level 10 in Dodging
 37421 | D:15     | Found Laerub's Antique Weapon Emporium.
 37617 | D:15     | Reached XP level 16. HP: 88/88 MP: 33/39
 37745 | D:15     | Identified the staff "Giant's Funeral" {rElec rPois Conj}
 37943 | D:15     | Found a staircase to the Depths.
 38308 | D:12     | Identified the +4 lajatang of the Baking Priest {holy,
                  | +Blink Fly Str-4 Dex+2}
 38493 | Snake:1  | Entered Level 1 of the Snake Pit
 39514 | Snake:1  | Found a runed translucent gate.
 39514 | Snake:1  | Found a runed translucent gate.
 39514 | Snake:1  | Found a runed translucent gate.
 39514 | Snake:1  | Noticed Seits's ghost (adept MiFi)
 40075 | Snake:2  | Reached skill level 10 in Fighting
 40137 | Snake:2  | Found Luosomui's Book Emporium.
 40155 | Snake:2  | Found Jiunyem's Jewellery Boutique.
 40156 | Snake:2  | Found Kaoluf's Book Emporium.
 40559 | Snake:2  | Offered knowledge of Spellforged Servitor by Vehumet.
 40569 | Snake:2  | Learned a level 7 spell: Spellforged Servitor
 40734 | Snake:3  | Reached skill level 1 in Summonings
 41025 | Snake:3  | Identified the ring "Zomof" {rF+ rCorr Str+4}
 41262 | Snake:3  | Reached skill level 5 in Summonings
 41714 | Snake:3  | Noticed Vashnia
 41777 | Snake:3  | Killed Vashnia
 42270 | Snake:4  | Entered Level 4 of the Snake Pit
 42309 | Snake:3  | Reached XP level 17. HP: 78/104 MP: 7/40
 43513 | Snake:4  | Offered knowledge of Iskenderun's Battlesphere by Vehumet.
 43767 | Snake:4  | Learned a level 5 spell: Iskenderun's Battlesphere
 45235 | Snake:4  | Noticed a quicksilver dragon
 45237 | Snake:4  | Reached skill level 18 in Spellcasting
 45244 | Snake:4  | Killed a quicksilver dragon
 45768 | Snake:4  | Got a serpentine rune of Zot
 45881 | Snake:1  | Killed Seits's ghost
 46092 | Shoals:1 | Entered Level 1 of the Shoals
 46166 | Shoals:1 | Reached skill level 5 in Armour
 46731 | Shoals:1 | Identified the serpent talisman "Caaleq" {Int+2}
 46731 | Shoals:1 | Noticed Aizul
 46740 | Shoals:1 | Killed Aizul
 46791 | Shoals:1 | Found Lueger's Magic Scroll Boutique.
 46832 | Shoals:1 | Noticed a kraken
 46848 | Shoals:1 | Killed a kraken
 47075 | Shoals:2 | Offered knowledge of Lehudib's Crystal Spear by Vehumet.
 47087 | Shoals:1 | Learned a level 8 spell: Lehudib's Crystal Spear
 47423 | Shoals:2 | Noticed a kraken
 47430 | Shoals:2 | Killed a kraken
 47898 | Shoals:2 | Found Wimiw's Assorted Antiques.
 48052 | Shoals:2 | Reached XP level 18. HP: 112/115 MP: 5/42
 48328 | Shoals:3 | Noticed Jorgrun
 48334 | Shoals:3 | Killed Jorgrun
 48335 | Shoals:3 | Reached skill level 19 in Spellcasting
 48336 | Shoals:3 | Noticed Ilsuiw
 49054 | Shoals:3 | Killed Ilsuiw
 49157 | Shoals:3 | HP: 1/115 [wind drake/the air (19)]
 49907 | Shoals:4 | Entered Level 4 of the Shoals
 50194 | Shoals:4 | Reached skill level 15 in Earth Magic
 51184 | Shoals:4 | Offered knowledge of Chain Lightning by Vehumet.
 51184 | Shoals:4 | Offered knowledge of Polar Vortex by Vehumet.
 51184 | Shoals:4 | Offered knowledge of Maxwell's Capacitive Coupling by
                  | Vehumet.
 51654 | Shoals:4 | Got a barnacled rune of Zot
 51679 | Shoals:4 | Identified the staff of Cinnoiph {*Corrode rF+ Dex+2 Hexes
                  | Tloc Fire}
 51845 | Shoals:4 | Found Xithah's Antique Armour Shoppe.
 52047 | Shoals:4 | Got the Incunabulum of Helpful Quicksand
 52536 | Elf:1    | Entered Level 1 of the Elven Halls
 53448 | Elf:1    | Reached skill level 10 in Summonings
 53469 | Elf:1    | Reached skill level 20 in Spellcasting
 53766 | Elf:1    | Found a bloodstained altar of Trog.
 53770 | Elf:1    | Noticed topfpfpflanze's ghost (adept FeNe)
 53786 | Elf:1    | Found a transporter.
 53795 | Elf:1    | Found a transporter.
 54213 | Elf:1    | Reached skill level 21 in Spellcasting
 54520 | Elf:1    | Got the Parchment of Bombardment and the Flock
 54613 | Elf:1    | Found Booff's Book Shop.
 54931 | Elf:1    | Found a corrupted altar of Lugonu.
 54948 | Elf:1    | Found a corrupted altar of Lugonu.
 55018 | Elf:1    | Reached XP level 19. HP: 120/120 MP: 39/46
 55341 | Elf:1    | Found a bloodstained altar of Trog.
 55352 | Elf:1    | Found a transporter.
 55360 | Elf:1    | Found a transporter.
 55486 | Elf:1    | Found Booff's Book Shop.
 55782 | Elf:2    | Found a glacial archway.
 55831 | IceCv    | Entered an ice cave
 55994 | IceCv    | Reached skill level 22 in Spellcasting
 56154 | Elf:2    | Found a transporter.
 56157 | Elf:2    | Found Raenahes's Book Shop.
 56167 | Elf:2    | Found a shimmering blue altar of Sif Muna.
 56371 | Elf:2    | Found a transporter.
 56379 | Elf:2    | Identified the +0 ring mail of Yredelemnul's Envy {+Blink
                  | rPois Dex+4}
 56450 | Elf:2    | Identified the +6 trident of Crystal {flame, rPois rN+++
                  | Stlth+}
 56748 | Elf:2    | Found a runed translucent gate.
 56748 | Elf:2    | Found a runed translucent gate.
 56754 | Elf:2    | Found a runed translucent gate.
 56797 | Elf:3    | Entered Level 3 of the Elven Halls
 57133 | Elf:3    | Reached skill level 23 in Spellcasting
 57471 | Elf:3    | Found Ishrepnid's General Store.
 57748 | Elf:2    | Bought a book of Unlife for 540 gold pieces
 57754 | Elf:2    | Learned a level 5 spell: Borgnjor's Vile Clutch
 57829 | Elf:3    | Reached skill level 1 in Necromancy
 58607 | Elf:3    | Reached skill level 5 in Necromancy
 58657 | Elf:3    | Identified the +10 long sword of the Ship {speed, rF+
                  | Dex+4}
 58898 | Elf:3    | Identified the +0 ring mail of the Wild Haggis {rElec}
 59058 | Elf:3    | Identified the +6 battleaxe "Zejah" {venom, *Slow rPois
                  | Will+ Str+4}
 59224 | Elf:3    | Identified the +0 scale mail of the Moon {rPois Stlth+}
 59251 | Elf:3    | Identified the staff of Mourning {rN+ Str+6 Hexes Necro}
 59363 | Abyss:2  | Cast into level 2 of the Abyss (a deep elf sorcerer)
 59617 | Abyss:2  | Noticed a bone dragon
 59620 | Abyss:2  | Killed a bone dragon
 59692 | Abyss:2  | Reached skill level 24 in Spellcasting
 59753 | Elf:3    | Escaped the Abyss
 60851 | Vaults:1 | Entered Level 1 of the Vaults
 60856 | Vaults:1 | Reached skill level 1 in Staves
 60856 | Vaults:1 | Reached XP level 20. HP: 125/125 MP: 38/50
 61114 | Vaults:1 | Reached skill level 5 in Staves
 61360 | Vaults:1 | Identified the +3 hand axe "Arbiter" {heavy, rElec}
 62635 | Vaults:1 | Identified 2 scrolls of acquirement
 63486 | Vaults:2 | Reached skill level 10 in Staves
 63840 | Vaults:2 | Identified the +6 plate armour of Sif Muna's Pride {rPois
                  | Int+4}
 64280 | Vaults:2 | You fall into a shaft and drop 2 floors!
 64280 | Vaults:4 | Found the +5 glaive of the Guard {elec, spectral}
 65190 | Vaults:2 | Acquired 858 gold pieces
 65246 | Vaults:2 | Found Icowu's Weapon Boutique.
 65416 | Vaults:2 | Reached XP level 21. HP: 130/130 MP: 28/51
 65987 | Vaults:2 | Noticed Jory
 65995 | Vaults:2 | Killed Jory
 66351 | Vaults:2 | Found Icowu's Weapon Boutique.
 67097 | Vaults:3 | Found a staircase to the Crypt.
 67136 | Vaults:3 | Found a transporter.
 67329 | Vaults:3 | Acquired the amulet of the Red Skies {Reflect ^Contam
                  | +Blink rN+ Str+4 SH+5}
 67942 | Vaults:3 | Found Dikhyo's General Store.
 68463 | Vaults:3 | Found a bloodstained altar of Trog.
 68463 | Vaults:3 | Found the +8 Wrath of Trog {antimagic, *Rage Rampage}
 69126 | Vaults:3 | Found Dikhyo's General Store.
 69593 | Vaults:3 | Found a staircase to the Crypt.
 69626 | Vaults:3 | Found a transporter.
 69726 | Vaults:3 | Found a transporter.
 69771 | Vaults:3 | Found a bloodstained altar of Trog.
 73986 | Depths:1 | Entered Level 1 of the Depths
 73989 | Depths:1 | Found a gateway to Hell.
 74405 | Depths:1 | Reached XP level 22. HP: 136/136 MP: 36/52
 75606 | Depths:1 | Found a one-way gate to the infinite horrors of the Abyss.
 75633 | Depths:1 | Found a one-way gate to the infinite horrors of the Abyss.
 75900 | Depths:1 | Found a gateway to Hell.
 76059 | Depths:2 | Noticed a juggernaut
 76067 | Depths:1 | Killed a juggernaut
 76601 | Depths:2 | Identified the +11 trident of Voracious Absolution {drain,
                  | ^Contam Will+ Dex+4}
 76609 | Depths:2 | Found a one-way gate leading to the halls of Pandemonium.
 76637 | Depths:2 | Noticed a juggernaut
 76751 | Depths:1 | Killed a juggernaut
 76900 | Depths:2 | Reached skill level 1 in Evocations
 77742 | Depths:2 | Found a one-way gateway to a ziggurat.
 77743 | Depths:2 | Noticed an ancient lich
 77767 | Depths:2 | Reached skill level 5 in Evocations
 78321 | Depths:2 | Found a sacrificial altar of Ru.
 78943 | Depths:2 | Found a one-way gate leading to the halls of Pandemonium.
 79201 | Depths:2 | Found a sacrificial altar of Ru.
 79319 | Depths:2 | Found a one-way gateway to a ziggurat.
 80275 | Depths:3 | You fall into a shaft and drop 1 floor!
 80275 | Depths:4 | Entered Level 4 of the Depths
 80344 | Depths:4 | Reached skill level 15 in Dodging
 80702 | Depths:4 | Found a runed translucent door.
 80704 | Depths:4 | Noticed Ulukhit's ghost (adept TrMo)
 81241 | Depths:4 | Reached XP level 23. HP: 131/142 MP: 28/53
 81321 | Depths:3 | Noticed Margery
 81536 | Depths:4 | Killed Margery
 81632 | Depths:3 | Noticed the Enchantress
 81845 | Depths:4 | Killed the Enchantress
 82772 | Depths:3 | Reached skill level 25 in Spellcasting
 82892 | Depths:3 | Found Olik Ytisk's General Store.
 82945 | Depths:3 | Found the +2 Maxwell's thermic engine {flame, freeze, rev}
 82946 | Depths:3 | Noticed a juggernaut
 83164 | Depths:3 | Killed a juggernaut
 83929 | Depths:3 | Found Olik Ytisk's General Store.
 84485 | Depths:4 | Found a radiant altar of Vehumet.
 84604 | Depths:4 | Identified the +3 spear "Ykkuf" {venom, rF+}
 85070 | Depths:4 | Reached skill level 26 in Spellcasting
 85438 | Depths:4 | Found a gate to the Realm of Zot.
 85582 | Depths:4 | Learned a level 1 spell: Apportation
 85586 | Depths:4 | Learned a level 3 spell: Swiftness
 85807 | Elf:2    | Bought Great Wizards, Vol. VII for 450 gold pieces
 85813 | Elf:2    | Learned a level 5 spell: Yara's Violent Unravelling
 85917 | Elf:3    | Reached skill level 1 in Hexes
 86196 | Crypt:1  | Entered Level 1 of the Crypt
 86435 | Crypt:1  | Learned a level 5 spell: Summon Mana Viper
 87422 | Crypt:1  | Reached skill level 5 in Hexes
 89202 | Crypt:2  | Reached skill level 27 in Spellcasting
 89407 | Crypt:2  | Reached skill level 10 in Hexes
 89699 | Crypt:3  | Entered Level 3 of the Crypt
 91282 | Crypt:3  | Reached XP level 24. HP: 146/148 MP: 32/56
 91707 | Crypt:3  | Found an ancient bone altar of Kikubaaqudgha.
 91709 | Crypt:3  | Noticed a dread lich
 91714 | Crypt:3  | Killed a dread lich
 91812 | Crypt:3  | Identified the +2 flail of Peril {freeze, rElec Dex+2}
 91822 | Crypt:3  | Noticed an ancient lich
 91827 | Crypt:3  | Killed an ancient lich
 92124 | Crypt:3  | Found a staircase to the Tomb.
 92302 | Crypt:3  | Got Osaohaumni's Spellbook of Shades
 92419 | Crypt:3  | Identified the +0 leather armour of Vainuts {Rampage rN+
                  | Regen+ SInv Stlth-}
 93000 | Lair:4   | Acquired 1080 gold pieces
 93008 | Slime:1  | Entered Level 1 of the Pits of Slime
 93916 | Slime:3  | Reached skill level 5 in Fire Magic
 94028 | Slime:5  | Entered Level 5 of the Pits of Slime
 94064 | Slime:4  | Paralysed by a formless jellyfish for 1 turns
 94502 | Slime:5  | Noticed Dissolution
 94508 | Slime:5  | Killed Dissolution
 95095 | Slime:5  | Noticed the Royal Jelly
 95188 | Slime:5  | Killed the Royal Jelly
 95988 | Slime:5  | Identified the ring of Joutesez {Fly Dex+8}
 95995 | Slime:5  | Gained mutation: Your natural rate of healing is unusually
                  | fast. [a shining eye]
 96095 | Slime:5  | Found the +10 dark maul {heavy}
 96102 | Slime:5  | Identified the +1 robe of the Blue Moon {rN+}
 96122 | Slime:5  | Reached skill level 10 in Fire Magic
 96511 | Slime:5  | Identified the +0 plate armour "Xuozear" {+Inv Fly Str+3
                  | Dex+4}
 96513 | Slime:5  | Got a slimy rune of Zot
 96623 | Slime:5  | Identified the +4 ring mail "Saom" {Harm rPois Str+2 Dex-5}
 97903 | Depths:2 | Learned a level 8 spell: Ignition
 98027 | Depths:2 | Killed an ancient lich
 98311 | Depths:2 | Identified the +1 ring mail of the Soft God {rC+++ Will+
                  | Int+3 Dex-4}
 98487 | Zot:1    | Entered Level 1 of the Realm of Zot
 99920 | Zot:1    | Noticed Vv
 99927 | Zot:1    | Killed Vv
100162 | Zot:1    | Identified the ring "Okhlim" {Ice rElec Int+4 Dex+2}
100162 | Zot:1    | Noticed Josephina
100167 | Zot:1    | Killed Josephina
100773 | Zot:2    | Reached XP level 25. HP: 152/152 MP: 38/56
100880 | Zot:2    | Reached skill level 15 in Fire Magic
101732 | Zot:2    | Noticed an orb of fire
101734 | Zot:2    | Killed an orb of fire
103816 | Zot:2    | Noticed an orb of fire
103902 | Zot:2    | Killed an orb of fire
104167 | Zot:2    | Found a runed translucent gate.
104168 | Zot:2    | Found a runed translucent gate.
104168 | Zot:2    | Found an opulent altar of Gozag.
104168 | Zot:2    | Noticed Pongem's ghost (legendary MiAK)
104169 | Zot:2    | Found a runed translucent gate.
104170 | Zot:2    | Found Simyos's Assorted Antiques.
104172 | Zot:2    | Found Nomarch's Assorted Antiques.
104430 | Zot:3    | You are sucked into a shaft and drop 1 floor!
105637 | Zot:3    | Found Luular's CLEARANCE SALE!.
106122 | Zot:3    | HP: 4/153 [red draconian scorcher/damnation (35)]
106124 | Zot:3    | Killed from afar by a red draconian scorcher

Illustrated notes

Levels and vault maps discovered:
D:1:      spicycebolla_green_bress_n_ham, layout_loops_ring
D:2:      layout_basic, dreamdust_ecumenical_altar_angels_and_demons,
          hangedman_abyss_or_decor_lesser_grid, minmay_distorted
D:3:      layout_loops_ring, gammafunk_ghost_smash, dk_vineyard_2
D:4:      layout_gridville
D:5:      layout_loops_cross, minmay_temple_entry_glassed_door,
          cheibrodos_sewer_entry_bend
D:6:      layout_basic, feat_on_display, uniq_duvessa
D:7:      statuecave_lemuel, layout_cave_pools, lemuel_doored_altar,
          uniq_crazy_yiuf_cottage
D:8:      old_forge, layout_basic, david_lair_generic, serial_shops,
          nicolae_shop_real_fake_doors, st_stairs_5, kennysheep_generic_room_14
D:9:      layout_rooms, mainiacjoe_overflow_catwalk,
          lemuel_coloured_pillars_altar, serial_undead, serial_undead_e,
          serial_undead_f, serial_undead_a, serial_undead_f, serial_shops, shop,
          enter_bailey_5, chequers_hall_statues_y, st_stairs_10,
          nicolae_barding_shop
D:10:     layout_cave_pools, nicolae_shop_self_help, uniq_lodul
D:11:     minmay_quarter_circles, layout_loops_ring
D:12:     layout_cross, minmay_orc_entry_temple_small,
          mainiacjoe_okawaru_digging_arena
D:13:     layout_roguey
D:14:     layout_basic, hellmonk_vaults_order_and_chaos, gauntlet_entry_generic,
          minivault_14, nicolae_burly_brawl
D:15:     hangedman_depths_entry_try_elsewhere_first, layout_loops_ring,
          serial_shops, nicolae_shop_hallway_plus, minmay_misc_feat_x,
          hangedman_abyss_or_decor_stagger
Temple:   hellmonk_temple_divided_pantheon
Lair:1:   layout_chaotic_city, bh_autumn_forest_stairs,
          nicolae_quartered_pool_little, serial_bayou_pond_d,
          grunt_forest_small_clearings, grunt_megastairs_1, lemuel_fruit_fields
Lair:2:   layout_cave_pods, minmay_shoals_entry_centaurs
Lair:3:   layout_roguey, minmay_snake_entry_spellcaster,
          infiniplex_staircase_pool_2, uniq_rupert
Lair:4:   cheibrodos_magma_flow, layout_loops_ring, dpeg_slime_entry_enclosed
Lair:5:   minmay_lair_end_frog_pond, layout_loops_ring, serial_rivers,
          chequers_serial_rivers_micro_a, chequers_serial_rivers_small_3,
          chequers_serial_rivers_small_a, chequers_serial_rivers_small_3,
          chequers_serial_rivers_micro_e, chequers_serial_rivers_small_b,
          ebering_ghost_xom, chequers_serial_rivers_room_a, minivault_24,
          disabler_island
Shoals:1: layout_shoals, serial_shops, nicolae_shop_stone,
          nicolae_shoals_loop_pool, uniq_aizul
Shoals:2: layout_shoals, nicolae_shoals_c_island
Shoals:3: layout_shoals, serial_shops, bzr_entry_islet,
          nicolae_shoals_former_cling_ruins, uniq_ilsuiw, uniq_jorgrun
Shoals:4: shoals_end_grunt_garden, layout_shoals, serial_shops,
          nicolae_shop_peninsula, nicolae_shoals_circle_sea_wall
Snake:1:  layout_gridlike, ebering_ghost_rock_garden, beargit_elvish_explorers,
          lemuel_fruit_tree
Snake:2:  layout_rooms, hangedman_snake_pattern, minmay_shop_grove
Snake:3:  layout_misc_corridors, uniq_vashnia
Snake:4:  hellmonk_snake_rune_quicksilver_temple, layout_rooms,
          nicolae_snake_scaly_snakehead
Slime:1:  layout_caves
Slime:2:  layout_caves
Slime:3:  layout_caves
Slime:4:  layout_caves
Slime:5:  slime_pit_nicolae_amoeboid, uniq_dissolution
Orc:1:    layout_diamond_mine, basic_altar, uniq_sonja
Orc:2:    st_orc_rangers, layout_caves, basic_altar, uniq_nessos, uniq_donald
Elf:1:    nicolae_elf_arrival_aired_out, layout_onion_city, serial_shops,
          nicolae_shop_hallway_plus, gammafunk_ghost_wrathful_warriors,
          minmay_elf_sorcery, minivault_14, hangedman_elven_ridges,
          nicolae_elf_theology_debate
Elf:2:    nicolae_elf_blades_splatter_lattice
          [nicolae_vaults_blade_armed_guards], layout_geoelf_grid,
          portal_ice_cave_entry_pillars_three, basic_altar, serial_shops,
          nicolae_shop_drivethru
Elf:3:    minmay_elf_hall_statues, layout_onion_city, serial_shops,
          nicolae_shop_hallway_plus, due_unseen_surprise
Vaults:1: nicolae_vaults_tetromino_Z_2, nicolae_vaults_mini_display_case,
          nicolae_vaults_network_quincunx
          [nicolae_vaults_network_quincunx_subvault,
          nicolae_vaults_network_quincunx_subvault,
          nicolae_vaults_network_quincunx_subvault,
          nicolae_vaults_network_quincunx_subvault,
          nicolae_vaults_network_quincunx_subvault],
          hangedman_vaults_restitches, v_misc_1, vaults_mumra_bighexcomb,
          serial_ice_b, vaults_standard_mumra_lines, ontoclasm_vaults_fault,
          v_misc_23, layout_vaults_maze
Vaults:2: nicolae_vaults_little_squares_5, nicolae_vaults_network_s,
          nicolae_vaults_c_with_doors, vaults_room_pool, vaults_room_pool,
          vaults_dpeg_emergency_exit, nicolae_vaults_rhombus_6,
          vaults_dpeg_ring, layout_vaults_omnigrid, serial_shops, shop,
          uniq_jory
Vaults:3: v_pattern_1, grunt_vaults_hallway_long, v_rooms_1,
          nicolae_vaults_what_the_h, ontoclasm_vaults_misaligned,
          v_alt_pattern_2, nicolae_vaults_offset_grid_hallway_4, v_misc_18,
          emtedronai_trogs_sanctum, v_misc_30, v_misc_16,
          nicolae_vaults_double_plus_2, minmay_crypt_entry_simple_corners,
          layout_vaults_omnibox, serial_shops, shop
Vaults:4: hangedman_vaults_slice, nicolae_vaults_two_Ls,
          nicolae_vaults_twisting_passages, nicolae_vaults_shrinking_rooms_2,
          ontoclasm_vaults_idyll, minmay_guarded_unrand_guard_vaults,
          nicolae_vaults_trapezoid_4, ontoclasm_vaults_decontamination,
          nicolae_vaults_storage_closets_2, grunt_vaults_hallway_short,
          layout_vaults_omnicross
Crypt:1:  layout_regular_city, grunt_crypt_arrival_webbed,
          roderic_lattice_octagonal_star
Crypt:2:  layout_rooms, grunt_ministairs_6
Crypt:3:  quadcrypt_mu
Depths:1: layout_long_grid, abyss_entry_crystal, hell_entry,
          lightli_fourway_metalbox
Depths:2: minmay_bad_star, layout_cave_shapes, enter_ziggurat_d,
          nicolae_ru_awakened_eye, rand_demon_pan_entry_5, pf_coc_iceberg,
          minmay_metal_thing
Depths:3: kennysheep_green_arena, layout_cave_pools, abyss_entry,
          grunt_metal_band, serial_shops, nicolae_shop_advertising_works
          [nicolae_subvault_shop_adworks], reono_crystal_passage,
          uniq_enchantress
Depths:4: grunt_zot_entry_hairpin, layout_small_grid, ebering_ghost_inner_flame,
          nicolae_vehumet_altar_sigil, hangedman_geh_valley, abyss_entry,
          serial_bayou_shore_b, serial_bayou_shore_b
Zot:1:    layout_misc_corridors, uniq_josephina, uniq_vv
Zot:2:    lemuel_acid_trip, layout_concentric_octagons, ebering_ghost_gozag,
          zot_minivault_8
Zot:3:    layout_misc_corridors, nicolae_shop_clearance
Zot:4:    layout_misc_corridors, regret_index_zotdec_bone_old, uniq_tiamat

Skill      XL: |  1  2  3  4  5  6  7  8  9 10 11 12 13 14 15 16 17 18 19 20 21 22 23 24 25 |
---------------+----------------------------------------------------------------------------+-----
Earth Magic    | 4 5 6 8 9 10 12 13 14 15 16 17 20 | 20.4
Fighting       | 1 2 4 5 6 11 13 14 | 14.4
Spellcasting   | 4 5 8 9 10 11 12 13 15 16 17 18 21 24 27 | 27.0
Dodging        | 3 6 7 8 10 12 15 16 | 16.7
Conjurations   | 8 9 17 18 20 | 20.4
Shields        | 7 8 10 11 12 15 16 | 16.0
Armour         | 4 6 9 |  9.7
Fire Magic     | 1 2 14 18 | 18.0
Alchemy        | 1 2 3 |  3.0
Summonings     | 8 9 10 | 10.0
Necromancy     | 6 |  6.0
Staves         | 1 10 12 | 12.0
Stealth        | 3 |  3.0
Evocations     | 5 8 |  8.0
Hexes          | 10 12 | 12.0

Action                     |  1- 3 |  4- 6 |  7- 9 | 10-12 | 13-15 | 16-18 | 19-21 | 22-24 | 25-27 || total
---------------------------+-------+-------+-------+-------+-------+-------+-------+-------+-------++-------
  Melee: Dagger            |       |    39 |     2 |   104 |    97 |       |       |       |       ||   242
         Punch             |       |     1 |       |       |       |       |       |       |       ||     1
         Staff             |       |       |       |       |       |    28 |   140 |   380 |    78 ||   626
  Throw: Throwing net      |       |       |       |       |       |       |       |     1 |       ||     1
   Cast: Sandblast         |    48 |    64 |    16 |    28 |    67 |       |       |       |       ||   223
         Stone Arrow       |       |       |    87 |   244 |   417 |   236 |    83 |    11 |       ||  1078
         Brom's Barrelling |       |       |       |     2 |       |       |       |       |       ||     2
         Lee's Rapid Decon |       |       |       |     4 |    91 |    83 |   200 |    49 |     3 ||   430
         Bombard           |       |       |       |       |   257 |   457 |   349 |   355 |    87 ||  1505
         Leda's Liquefacti |       |       |       |       |     3 |       |     1 |       |       ||     4
         Flame Wave        |       |       |       |       |     6 |     5 |     8 |     2 |       ||    21
         Mephitic Cloud    |       |       |       |       |     1 |     1 |     1 |     1 |       ||     4
         Spellforged Servi |       |       |       |       |       |    16 |    10 |     9 |       ||    35
         Iskenderun's Batt |       |       |       |       |       |     2 |       |     2 |       ||     4
         Lehudib's Crystal |       |       |       |       |       |     1 |    58 |   341 |   118 ||   518
         Borgnjor's Vile C |       |       |       |       |       |       |    57 |   141 |     8 ||   206
         Summon Mana Viper |       |       |       |       |       |       |       |     2 |       ||     2
         Ignition          |       |       |       |       |       |       |       |       |     7 ||     7
Ability: Evoke Blink       |       |       |       |       |       |       |       |     2 |     1 ||     3
  Evoke: Wand              |       |       |       |       |     3 |     2 |       |     2 |     1 ||     8
         Phantom mirror    |       |       |       |       |       |       |       |       |     1 ||     1
    Use: Scroll            |       |    12 |       |     6 |    13 |     6 |     7 |    11 |     3 ||    58
         Potion            |       |       |     2 |     1 |     1 |     3 |     1 |     3 |     3 ||    14
   Stab: Distracted        |       |       |       |       |       |       |     1 |     2 |     3 ||     6
 Armour: Robe              |     3 |       |       |       |       |       |       |       |       ||     3
         Leather armour    |     1 |    24 |    20 |   113 |   362 |   114 |       |       |       ||   634
         Quicksilver drago |       |       |       |       |       |   246 |   160 |   379 |   124 ||   909
  Dodge: Dodged            |     2 |    28 |    26 |   104 |   234 |   237 |   143 |   454 |   130 ||  1358
  Block: Kite shield       |       |       |       |   168 |   390 |   336 |   235 |   701 |   132 ||  1962
         Reflection        |       |       |       |       |       |       |    19 |    30 |    11 ||    60
